Map: Heavy Artillery LE

Players

inteam

  • Race: Terran Terran
  • Spawn Location: 7:00

SCIV

  • Race: Zerg Zerg
  • League: Diamond
  • Spawn Location: 7:00

qqq - Winner!

  • Race: Protoss Protoss
  • League: Platinum
  • Spawn Location: 1:00

Massa - Winner!

  • Race: Terran Terran
  • League: Platinum
  • Spawn Location: 3:00

VOD

Have the link to the VOD?

Description

Time

  • Played on: Dec. 6, 2020, 5:35 a.m.
  • Length: 15:23
Show
View Real Time Build Order
Export as new Build Order

inteam Terran 

Build Orders: Gas First Reaper Expand 

Get SALT Encoding   

  12  0:00  SCV  
  13  0:13  SCV  
  14  0:19  Supply Depot  
  14  0:31  SCV  
  14  0:32  Refinery  
  15  0:42  Barracks  
  15  0:44  SCV  
  16  0:58  SCV  
  17  1:18  SCV  
  18  1:30  Reaper  
  19  1:39  Command Center  
  19  1:42  SCV  
  20  1:57  Barracks  
  20  1:59  SCV  
  21  2:04  Supply Depot  
  21  2:25  Marine  
  22  2:32  Factory  
  22  2:43  SCV  
  23  2:45  Barracks Reactor, Barracks Tech Lab  
  23  2:53  SCV  
  23  2:58  Orbital Command  
  24  3:16  Starport  
  24  3:18  SCV  
  24  3:19  Marine  
  26  3:23  Marine x2  
  28  3:32  Refinery  
  28  3:37  Marine  
  28  3:38  Supply Depot  
  28  3:41  Marine  
  30  3:50  Marine  
  30  3:54  SCV, Marine  
  33  3:56  Orbital Command  
  33  3:58  Medivac  
  33  3:59  Marine  
  36  4:06  SCV  
  36  4:09  Marine  
  38  4:18  SCV  
  38  4:19  Supply Depot  
  38  4:21  Barracks, Stimpack  
  39  4:28  SCV  
  40  4:39  Marine x3  
  40  4:42  Starport Reactor  
  43  4:56  Marine  
  43  4:57  Marine x2  
  43  5:14  Barracks Reactor, Marine  
  36  5:15  Marine x2  
  36  5:18  Engineering Bay  
  36  5:19  SCV x2  
  41  5:22  Viking x2  
  41  5:25  Factory Tech Lab  
  45  5:32  Marine  
  45  5:33  Marine  
  47  5:41  Starport  
  47  5:42  Marine  
  48  5:45  Missile Turret  
  48  5:49  SCV, Missile Turret  
  49  5:50  SCV, Marine  
  51  5:57  Viking x2  
  51  5:58  Marine x3  
  51  6:00  Marine  
  51  6:01  SCV  
  51  6:02  SCV  
  61  6:12  Sensor Tower  
  61  6:13  SCV  
  62  6:24  Supply Depot  
  62  6:28  Supply Depot  
  62  6:35  Starport Reactor  
  62  6:40  Command Center  
  62  6:42  Starport  
  62  6:44  Refinery  
  62  6:46  Refinery, SCV  
  63  6:50  Viking  
  63  6:51  SCV  
  63  6:52  Marine  
  63  6:53  Marine x4  
  71  6:58  SCV  
  72  7:10  Marine, Viking  
  72  7:13  Marine x3  
  78  7:18  Supply Depot x2  
  78  7:24  Starport Tech Lab  
  78  7:32  Supply Depot  
  78  7:34  Supply Depot  
  78  7:40  SCV x2, Marine x2  
  82  7:45  Viking  
  84  7:52  SCV x2  
  84  7:57  Supply Depot  
  84  8:04  SCV x2, Medivac x3  
  84  8:05  Marine  
  93  8:07  Orbital Command  
  93  8:15  Medivac  
  93  8:16  SCV  
  96  8:31  Fusion Core  
  96  8:33  Marine x5  
  101  8:51  Marine x4, Viking x3  
  111  8:55  Marine  
  111  9:02  Starport  
  112  9:08  Marine, Command Center  
  112  9:09  Marine x2  
  112  9:19  SCV x3  
  115  9:31  SCV x3  
  118  9:43  SCV x2  
  118  9:44  SCV  
  121  9:55  SCV  
  121  9:56  SCV x2  
  119  10:07  SCV  
  119  10:08  SCV x2  
  119  10:20  Starport Tech Lab  
  107  10:21  Battlecruiser  
  107  10:27  Ghost Academy  
  113  10:29  Marine x2  
  113  10:30  Marine x3  
  113  10:34  Orbital Command  
  118  10:39  SCV  
  118  10:40  SCV x2  
  121  10:42  Refinery  
  121  10:44  Refinery  
  121  10:47  Marine x5  
  126  10:52  SCV x3  
  129  10:59  Barracks  
  129  11:04  Starport, SCV x2  
  130  11:05  Marine x4  
  137  11:15  Battlecruiser  
  137  11:17  SCV x4  
  147  11:25  Supply Depot x2  
  147  11:27  Supply Depot  
  147  11:29  SCV, Supply Depot  
  147  11:30  Supply Depot  
  147  11:31  Supply Depot  
  148  11:37  Armory  
  148  11:38  Armory, Unknown  
  148  11:40  Starport Tech Lab  
  148  11:47  SCV x4  
  154  11:51  Supply Depot  
  154  11:59  SCV x4  
  158  12:03  Marine, Battlecruiser  
  158  12:05  Command Center  
  165  12:11  SCV x2  
  165  12:13  Refinery  
  165  12:15  Unknown  
  167  12:17  Refinery  
  167  12:23  Weapon Refit  
  167  12:25  Terran Ship Weapons Level 1  
  167  12:27  Terran Vehicle And Ship Armor Level 1  
  167  12:28  SCV x4  
  171  12:33  Marine  
  174  12:40  SCV x4  
  178  12:52  SCV, Viking x3  
  178  12:53  SCV x3  
  188  12:59  Barracks Tech Lab, Command Center  
  188  13:03  Unknown  
  124  13:15  Marine, Battlecruiser x2  
  124  13:16  Marine x4  
  117  13:24  Marine  
  103  13:33  Marine  
  103  13:34  Marine x4, Battlecruiser  
  101  13:42  Marine  
  97  13:51  Marine  
  97  13:52  Marine x4  
  102  14:00  Marine  
  102  14:01  Viking x3  
  102  14:02  Viking  
  111  14:08  Orbital Command  
  111  14:09  Marine x3  
  112  14:10  Marine  
  105  14:19  Viking  
  105  14:27  Marine x2  
  109  14:44  Viking  
  109  14:45  Marine x2  
  82  15:06  Starport Tech Lab  
  69  15:16  Starport Tech Lab  
Show
View Real Time Build Order
Export as new Build Order

SCIV Zerg 

Build Orders: Hatch First, Zergling Baneling 

Get SALT Encoding   

  12  0:00  Drone  
  13  0:12  Overlord  
  13  0:16  Drone  
  14  0:31  Drone x2  
  16  0:52  Hatchery  
  15  0:57  Drone  
  15  1:00  Drone  
  15  1:01  Drone  
  18  1:14  Extractor  
  18  1:16  Spawning Pool  
  16  1:22  Drone x2  
  18  1:29  Drone  
  19  1:40  Drone  
  20  1:54  Overlord  
  20  2:04  Queen  
  20  2:05  Queen  
  20  2:06  Zergling x4  
  26  2:13  Drone  
  27  2:16  Metabolic Boost  
  27  2:28  Drone x3  
  30  2:49  Drone  
  30  2:50  Drone x2, Baneling Nest  
  30  2:51  Hatchery  
  31  3:01  Overlord  
  31  3:04  Zergling x4  
  34  3:20  Zergling x14  
  34  3:21  Zergling x2  
  41  3:30  Overlord  
  41  3:52  Zergling x2  
  41  3:53  Zergling x16  
  50  4:07  Baneling  
  50  4:08  Baneling x9  
  50  4:09  Queen  
  52  4:10  Zergling x2  
  52  4:11  Zergling x4  
  55  4:19  Drone  
  55  4:20  Drone x2  
  58  4:37  Overlord x3  
  58  4:44  Baneling x4  
  48  5:27  Zergling x2  
  48  5:28  Zergling x34  
  58  5:39  Zergling x2  
  57  5:47  Zergling x2  
  57  5:48  Zergling x4  
  56  5:59  Spore Crawler  
  56  6:00  Drone  
  56  6:01  Drone x2  
  55  6:04  Drone, Spore Crawler  
  49  6:31  Zergling x6  
  49  6:32  Zergling x14  
  54  6:55  Drone  
  54  6:56  Drone x7, Spore Crawler  
  60  7:03  Extractor  
  49  7:19  Spore Crawler  
  49  7:20  Spore Crawler  
  49  7:22  Drone, Spore Crawler  
  42  7:23  Drone x2, Spore Crawler  
  42  7:24  Drone  
  42  7:25  Drone x2  
  42  7:27  Lair  
  44  7:30  Drone  
  44  7:31  Drone x6, Spore Crawler x2  
  49  7:45  Drone x5  
  49  7:48  Extractor x2  
  52  7:52  Drone  
  52  7:53  Drone x4, Extractor x2  
  55  8:08  Drone x3  
  55  8:09  Drone x3  
  61  8:19  Drone x3  
  64  8:27  Spire, Overlord x4  
  64  8:29  Overseer x2  
  64  8:32  Pneumatized Carapace  
  64  8:33  Drone x3  
  66  8:37  Zergling x2  
  67  9:00  Overlord x2  
  67  9:02  Drone  
  68  9:03  Drone  
  68  9:04  Drone x3  
  72  9:21  Overlord x2  
  72  9:24  Extractor  
  72  9:25  Hatchery  
  72  9:26  Extractor  
  72  9:28  Drone x3  
  72  9:29  Drone x4  
  76  9:44  Zerg Flyer Weapons Level 1  
  75  9:47  Corruptor x10  
  95  9:53  Infestation Pit  
  95  9:56  Hatchery  
  95  9:57  Drone  
  95  9:58  Drone x2, Evolution Chamber  
  95  10:00  Evolution Chamber  
  94  10:17  Corruptor x5  
  104  10:27  Zerg Melee Weapons Level 1, Spire  
  103  10:31  Hive  
  103  10:33  Corruptor  
  105  10:37  Corruptor  
  105  10:38  Corruptor  
  105  10:39  Corruptor x5  
  119  10:51  Queen  
  119  10:56  Spore Crawler x2  
  119  10:57  Spore Crawler  
  118  11:02  Corruptor x2  
  118  11:03  Corruptor x2  
  126  11:11  Queen  
  126  11:12  Drone  
  129  11:31  Drone x11  
  129  11:32  Drone, Overlord x3  
  141  12:08  Drone  
  141  12:09  Drone x11  
  141  12:14  Extractor  
  152  12:15  Extractor  
  152  12:19  Drone x3  
  152  12:20  Drone x3  
  157  12:25  Overlord x3  
  157  12:26  Overlord  
  157  12:27  Centrifical Hooks  
  157  12:29  Zerg Ground Armor Level 1  
  157  12:33  Greater Spire  
  157  12:34  Zerg Flyer Weapons Level 2  
  157  12:40  Zergling x26  
  170  12:44  Hatchery  
  170  12:45  Spore Crawler  
  170  12:47  Spore Crawler  
  170  12:48  Spore Crawler  
  166  13:13  Corruptor x12  
  190  13:20  Zergling x2  
  190  13:21  Zergling x14  
  190  13:22  Zergling x2  
  190  13:24  Baneling  
  199  13:27  Baneling x2  
  199  13:30  Baneling  
  199  13:31  Baneling x11  
  199  13:32  Baneling x2  
  149  13:48  Corruptor  
  114  13:49  Corruptor x5  
  107  14:00  Corruptor  
  107  14:01  Corruptor x3  
  91  14:22  Corruptor  
  91  14:23  Corruptor x3  
  73  14:38  Corruptor x3  
Show
View Real Time Build Order
Export as new Build Order

qqq Protoss - Winner!

Build Orders: 1 Gate Expand, Phoenix Opening, Carriers 

Get SALT Encoding   

  12  0:00  Probe  
  13  0:13  Probe  
  14  0:25  Probe, Pylon  
  15  0:43  Probe  
  16  0:55  Probe  
  17  0:57  Gateway  
  17  1:07  Probe  
  18  1:21  Nexus  
  18  1:55  Probe  
  18  1:58  Assimilator  
  19  2:06  Assimilator  
  19  2:07  Probe  
  20  2:13  Cybernetics Core  
  20  2:28  Probe  
  21  2:32  Pylon  
  21  2:40  Probe (Chrono Boost)  
  21  2:43  Nexus  
  23  2:47  Probe (Chrono Boost)  
  24  2:51  Probe (Chrono Boost)  
  24  2:56  Probe (Chrono Boost)  
  24  2:57  Probe (Chrono Boost)  
  26  3:02  Stargate  
  26  3:06  Probe (Chrono Boost)  
  26  3:11  Stalker  
  26  3:12  Probe (Chrono Boost)  
  30  3:14  Probe (Chrono Boost)  
  30  3:18  Probe (Chrono Boost)  
  32  3:29  Assimilator  
  32  3:33  Probe, Assimilator  
  32  3:34  Probe  
  34  3:42  Stargate  
  34  3:46  Probe x2 (Chrono Boost)  
  36  3:49  Pylon  
  36  3:55  Phoenix (Chrono Boost)  
  38  3:58  Probe (Chrono Boost)  
  38  3:59  Probe (Chrono Boost)  
  41  4:08  Probe x3 (Chrono Boost)  
  43  4:13  Probe (Chrono Boost)  
  43  4:14  Probe (Chrono Boost)  
  45  4:18  Phoenix (Chrono Boost)  
  47  4:27  Probe (Chrono Boost)  
  47  4:30  Probe (Chrono Boost)  
  50  4:31  Probe (Chrono Boost)  
  50  4:33  Phoenix  
  50  4:35  Protoss Air Weapons Level 1  
  50  4:37  Probe (Chrono Boost)  
  53  4:40  Phoenix  
  53  4:43  Probe (Chrono Boost)  
  53  4:44  Probe (Chrono Boost)  
  57  4:55  Probe (Chrono Boost)  
  58  5:00  Probe (Chrono Boost)  
  59  5:10  Probe  
  59  5:15  Phoenix x2  
  62  5:22  Probe  
  63  5:34  Probe, Void Ray  
  68  5:46  Probe  
  69  5:50  Pylon  
  69  5:53  Forge  
  69  5:54  Fleet Beacon  
  69  6:04  Phoenix  
  69  6:06  Pylon  
  69  6:08  Probe x2  
  69  6:09  Pylon  
  71  6:11  Void Ray (Chrono Boost)  
  75  6:20  Probe  
  75  6:21  Void Ray (Chrono Boost)  
  76  6:29  Photon Cannon  
  80  6:33  Photon Cannon  
  80  6:34  Shield Battery  
  80  6:35  Pylon  
  80  6:36  Probe  
  80  6:37  Photon Cannon  
  81  6:46  Pylon  
  81  6:47  Pylon  
  81  6:48  Probe  
  81  6:49  Void Ray (Chrono Boost)  
  81  6:50  Pylon  
  86  6:56  Carrier  
  86  7:00  Probe  
  88  7:03  Probe  
  88  7:07  Assimilator  
  84  7:11  Assimilator  
  84  7:12  Probe  
  86  7:15  Probe  
  86  7:24  Probe  
  86  7:27  Probe  
  86  7:28  Carrier (Chrono Boost)  
  94  7:36  Probe (Chrono Boost)  
  95  7:41  Probe (Chrono Boost)  
  95  7:42  Pylon  
  95  7:43  Pylon  
  96  7:48  Probe (Chrono Boost)  
  97  7:57  Probe x2 (Chrono Boost)  
  97  7:58  Carrier (Chrono Boost)  
  95  8:03  Probe  
  95  8:04  Probe  
  103  8:11  Stargate  
  103  8:15  Probe  
  103  8:16  Probe  
  103  8:17  Photon Cannon  
  105  8:20  Photon Cannon  
  105  8:23  Photon Cannon  
  105  8:26  Pylon  
  105  8:28  Probe  
  105  8:30  Carrier (Chrono Boost)  
  105  8:32  Probe  
  113  8:42  Photon Cannon  
  113  8:44  Probe  
  114  8:50  Nexus  
  114  8:54  Pylon  
  114  8:55  Carrier  
  120  8:56  Mothership (Chrono Boost)  
  120  8:57  Pylon  
  120  9:01  Pylon  
  128  9:03  Pylon  
  128  9:11  Photon Cannon  
  128  9:12  Carrier  
  134  9:27  Tempest  
  134  9:30  Photon Cannon  
  139  9:35  Protoss Air Armor Level 1  
  139  9:36  Photon Cannon  
  139  9:39  Photon Cannon  
  139  9:41  Shield Battery  
  139  9:43  Photon Cannon  
  139  9:46  Photon Cannon  
  130  9:59  Carrier  
  113  10:26  Probe  
  113  10:27  Carrier  
  113  10:28  Carrier  
  126  10:38  Probe  
  126  10:41  Probe  
  128  10:43  Probe  
  129  10:50  Probe  
  129  10:55  Probe  
  131  11:02  Probe, Photon Cannon  
  132  11:07  Probe, Pylon  
  133  11:14  Probe x2  
  135  11:19  Probe  
  136  11:26  Probe  
  136  11:27  Probe  
  136  11:31  Probe  
  139  11:35  Robotics Facility  
  139  11:38  Probe  
  140  11:40  Carrier  
  140  11:42  Void Ray  
  140  11:44  Protoss Air Weapons Level 2 (Chrono Boost)  
  150  11:57  Void Ray  
  154  12:10  Probe (Chrono Boost)  
  154  12:11  Probe (Chrono Boost)  
  158  12:23  Probe (Chrono Boost)  
  158  12:26  Photon Cannon  
  158  12:28  Probe (Chrono Boost)  
  158  12:30  Probe (Chrono Boost)  
  165  12:37  Probe, Carrier  
  166  12:44  Void Ray  
  166  12:45  Void Ray  
  166  12:49  Probe  
  171  13:22  Void Ray  
  135  14:02  Carrier  
  145  14:03  Carrier  
  145  14:05  Carrier  
  139  14:46  Nexus  
Show
View Real Time Build Order
Export as new Build Order

Massa Terran - Winner!

Build Orders: Reaper Expand 

Get SALT Encoding   

  12  0:00  SCV  
  13  0:12  SCV  
  14  0:24  SCV  
  14  0:25  Supply Depot  
  15  0:36  Refinery  
  15  0:47  SCV, Barracks  
  16  0:59  SCV  
  17  1:11  SCV  
  18  1:23  SCV  
  19  1:34  Reaper  
  19  1:39  Orbital Command  
  20  1:46  Command Center  
  20  2:06  SCV, Marine  
  22  2:13  Supply Depot  
  22  2:15  Factory  
  22  2:25  SCV  
  23  2:33  Barracks Reactor  
  23  2:38  SCV  
  24  2:44  Command Center  
  24  2:50  SCV  
  25  2:58  Orbital Command  
  25  3:02  Factory Tech Lab  
  25  3:05  Barracks  
  25  3:09  Marine x2  
  27  3:15  SCV  
  28  3:20  Engineering Bay  
  28  3:23  SCV  
  29  3:28  Refinery  
  29  3:29  Marine  
  29  3:51  SCV x2  
  29  3:52  Siege Tank  
  29  3:54  Barracks Tech Lab  
  29  3:55  Marine x2  
  36  3:56  SCV  
  36  4:01  Terran Infantry Weapons Level 1  
  37  4:03  SCV x2  
  37  4:04  Missile Turret  
  37  4:08  SCV, Missile Turret  
  40  4:15  SCV x2  
  42  4:20  SCV  
  42  4:21  Starport  
  43  4:28  Marine x2  
  45  4:32  Marauder  
  45  4:34  SCV x3  
  45  4:37  Refinery  
  50  4:40  Refinery  
  50  4:46  SCV x2, Sensor Tower  
  50  4:47  SCV  
  50  4:49  Marine  
  50  4:50  Marine  
  55  4:58  SCV x2  
  50  5:16  Siege Tank  
  50  5:17  Marauder  
  35  5:39  Marauder  
  37  5:43  SCV x3  
  37  5:48  Supply Depot  
  37  5:49  Supply Depot  
  38  5:55  SCV x2  
  37  5:59  Marine  
  37  6:05  Siege Tank  
  35  6:17  Marine, Supply Depot  
  30  6:18  Supply Depot  
  28  6:27  Barracks x2  
  28  6:29  Barracks  
  28  6:30  Liberator  
  30  6:35  Marine  
  29  6:41  Widow Mine  
  28  6:51  Terran Infantry Armor Level 1  
  28  6:53  Marine  
  29  6:56  Armory  
  25  7:11  Marine  
  25  7:13  SCV x3  
  29  7:25  SCV x3  
  29  7:29  Marine  
  33  7:33  Barracks  
  33  7:37  Barracks Reactor, Barracks Tech Lab, SCV x2  
  33  7:38  SCV  
  33  7:40  Barracks Tech Lab  
  36  7:47  Barracks Reactor  
  36  7:49  SCV x2  
  36  7:50  SCV  
  39  7:56  Engineering Bay  
  39  8:01  SCV  
  39  8:02  SCV x2  
  42  8:10  Marauder x2  
  46  8:13  SCV, Stimpack, Combat Shield  
  46  8:14  SCV  
  48  8:22  Barracks  
  48  8:25  Barracks  
  48  8:31  Marauder x2  
  52  8:34  SCV x2  
  52  8:35  SCV  
  55  8:46  Barracks Reactor, SCV x2  
  57  8:57  Marauder x2  
  61  9:05  Supply Depot  
  61  9:09  Supply Depot  
  61  9:15  SCV, Marine x2  
  61  9:19  Starport Reactor  
  61  9:25  Supply Depot  
  61  9:26  Marauder x2, Marine x2  
  61  9:27  Supply Depot  
  61  9:28  Supply Depot  
  67  9:33  Marine x2  
  69  9:38  Factory  
  69  9:41  Barracks Reactor, Barracks Tech Lab  
  69  9:44  Marine x2  
  71  9:47  Planetary Fortress  
  71  9:51  Supply Depot  
  71  9:52  Supply Depot  
  71  9:57  Terran Infantry Armor Level 2, Terran Infantry Weapons Level 2  
  71  10:01  Marine  
  72  10:10  Marauder x2  
  76  10:22  Factory  
  76  10:25  Factory Tech Lab  
  76  10:37  Refinery, SCV  
  76  10:38  Refinery, SCV x2  
  79  10:45  Concussive Shells  
  79  10:46  Siege Tank  
  83  10:50  SCV x3  
  85  10:58  Marauder x3  
  85  11:00  Marine  
  85  11:02  SCV x3  
  85  11:04  Medivac  
  97  11:05  Medivac  
  99  11:14  SCV x3  
  99  11:15  Marine x3  
  99  11:16  Marine x2  
  99  11:17  Marine  
  108  11:19  Factory Tech Lab, Marauder x2, Marine, Siege Tank  
  108  11:22  Smart Servos  
  116  11:26  Terran Vehicle And Ship Armor Level 1  
  116  11:38  Command Center  
  116  11:44  Missile Turret  
  116  11:59  Command Center  
  116  12:07  Missile Turret  
  116  12:18  Supply Depot  
  116  12:21  Supply Depot  
  116  12:28  Missile Turret  
  116  12:43  Marauder  
  118  12:48  Missile Turret  
  118  12:50  Marauder x2  
  122  12:58  Marine x3  
  125  13:04  Marauder  
  127  13:07  Missile Turret  
  127  13:12  Marauder x2  
  129  13:21  Marine x4  
  129  13:23  Siege Tank x2  
  129  13:25  Marauder  
  141  13:33  Marauder x2  
  143  13:45  Marine  
  143  13:46  Marine x4  
  148  13:56  Marine  
  148  13:57  Marauder, Marine  
  148  13:58  Planetary Fortress  
  148  14:00  Supply Depot  
  148  14:02  Supply Depot  
  147  14:03  Marine  
  147  14:14  Medivac x2  
  148  14:22  Marauder, Siege Tank x2  
  141  14:43  Marauder  
  141  14:44  Medivac x2  
  103  15:23  Missile Turret  
Tags
 
Add a new tag
Caveats
  • Supply blocks, unpowered buildings, or Contaminate may cause inaccurate times.
  • Supply counts are checked every 10 seconds.